 Dungeon Crawl Stone Soup version 0.28.0-45-g0d030f2227 (webtiles) character file.

Game seed: 10800494475935089306

69 Kziril the Skirmisher (level 4, -9/29 HPs)
             Began as a Gargoyle Fighter on Apr 19, 2022.
             Was an Initiate of Kikubaaqudgha.
             Engulfed by a cloud of flame (22 damage)
             ... on level 2 of the Dungeon.
             The game lasted 00:04:08 (1656 turns).

Kziril the Skirmisher (Gargoyle Fighter)            Turns: 1656, Time: 00:04:09

Health: -9/29      AC: 12    Str: 19    XL:     4   Next: 20%
Magic:  4/4        EV:  7    Int:  9    God:    Kikubaaqudgha [......]
Gold:   66         SH:  4    Dex: 11    Spells: 3/3 levels left

rFire   . . .      SeeInvis +   a - +0 flail
rCold   . . .      Faith    .   c - +0 buckler
rNeg    + + .      Spirit   .   g - +0 chain mail
rPois   ∞          Reflect  .   (no helmet)
rElec   +          Harm     .   (no cloak)
rCorr   .          Rampage  .   (no gloves)
Will    .....                   (no boots)
Stlth   ..........              (no amulet)
HPRegen 0.09/turn               e - ring of positive energy
MPRegen 0.09/turn               f - ring of see invisible

@: no status effects
A: sickness immunity, AC +3, negative energy resistance 1, electricity
resistance, torment resistance 1, petrification resistance
a: Renounce Religion


You were on level 2 of the Dungeon.
You worshipped Kikubaaqudgha.
Kikubaaqudgha was noncommittal.
You visited 1 branch of the dungeon, and saw 3 of its levels.

You collected 66 gold pieces.

Inventory:

Hand Weapons
 a - a +0 flail (weapon)
Armour
 c - a +0 buckler (worn)
 g - a +0 chain mail (worn)
Jewellery
 e - a ring of positive energy (left hand)
 f - a ring of see invisible (right hand)
Scrolls
 i - a scroll of identify {unknown}
 j - a scroll of silence {unknown}
Potions
 b - a potion of berserk rage {unknown}
 d - a potion of might
 h - a potion of attraction {unknown}
 k - a potion of mutation {unknown}


   Skills:
 * Level 4.1 Fighting
 + Level 2.6 Maces & Flails
 + Level 3.7 Armour
 + Level 3.9 Shields


You had 3 spell levels left.
You didn't know any spells.
Your spell library contained the following spells:

 Spells                   Type           Power      Damage    Failure   Level
 Wereblood                Tmut           0%         N/A       100%        2
 Summon Hydra             Summ           0%         N/A       100%        7
 Sublimation of Blood     Necr           Unusable   N/A       N/A         2

Dungeon Overview and Level Annotations

Branches:
Dungeon (3/15)

Altars:
Kikubaaqudgha


Innate Abilities, Weirdness & Mutations

You are immune to sickness and miasma.
Your stone body is resilient. (AC +3)
You are immune to poison.
You resist negative energy. (rN+)
You are resistant to electric shocks. (rElec)
You are resistant to unholy torment.
You are immune to petrification.


Message History

You barely miss the giant cockroach. The giant cockroach closely misses you.
You block the giant cockroach's attack.
You sock the giant cockroach!
You kill the giant cockroach!
Kikubaaqudgha accepts your kill. The rat barely misses you.
You see here a giant cockroach corpse.
You block the rat's attack.
You closely miss the rat. The rat bites you but does no damage.
You closely miss the rat. You block the rat's attack.
You hit the rat.
You kill the rat!
Kikubaaqudgha accepts your kill.
A hobgoblin comes into view.
The hobgoblin shouts!
The hobgoblin moves out of view.
You sock the hobgoblin!
You kill the hobgoblin!
Kikubaaqudgha accepts your kill.
You see here a hobgoblin corpse.
Found 22 stones.
You see here 22 stones.
k - a silvery potion A giant cockroach comes into view.
A giant cockroach is nearby!
The giant cockroach closely misses you. You block the giant cockroach's attack.
You sock the giant cockroach!
You kill the giant cockroach!
Kikubaaqudgha accepts your kill.
Partly explored, can't reach some items.
Partly explored, can't reach some items.
You enter the shallow water.
Moving in this stuff is going to be slow.
Really walk into a travel-excluded area?
You are engulfed in blazing flames.
Ouch! That really hurt!
You are engulfed in blazing flames.
Ouch! That really hurt!
You die...
Kikubaaqudgha rasps: "You have failed me!
Welcome... oblivion!"

......###.....................##.
..........<..(...................
......#####...#####...........###
......# #§☼§# ###...####..##.
......# #§☼§# ###.........#..
####### #§§.# #.......###...≈
.##########...#####.#...#.# ###..
.......§°..$$$.§§○..#...#.# ##.
.####..☼§§.$.$..@§......#.# ## .#
#.$○☼...$..§☼§..#####.# # .#
#######...#####.#####.##### # .#
#§§§# #...........# # ## #§§○#
#####÷#####.# #.○°#
#.###.#####.###
#...######.##.#.......#
##.#.##.#.....#...#.#.#
#†##.#..##.........#.#


There were no monsters in sight!

Vanquished Creatures
  An adder (D:2)
  A gnoll (D:1)
  6 ball pythons
  3 bats (D:1)
  2 endoplasms
  5 giant cockroaches
  3 goblins
  6 hobgoblins
  4 jackals (D:1)
  2 quokkas
  A frilled lizard (D:1)
  5 kobolds (D:1)
  6 rats
45 creatures vanquished.

Notes
Turn   | Place    | Note
-------+----------+-------------------------------------------
     0 | D:1      | Kziril the Gargoyle Fighter began the quest for the Orb.
     0 | D:1      | Reached XP level 1. HP: 14/14 MP: 1/1
    16 | D:1      | Found a faded altar of an unknown god.
   139 | D:1      | Reached XP level 2. HP: 19/19 MP: 2/2
   306 | D:1      | Reached XP level 3. HP: 15/24 MP: 3/3
   476 | D:2      | Found an ancient bone altar of Kikubaaqudgha.
   696 | D:1      | Reached skill level 4 in Fighting
  1054 | D:2      | Became a worshipper of Kikubaaqudgha
  1302 | D:2      | Reached XP level 4. HP: 29/29 MP: 4/4
  1656 | D:2      | Engulfed by a cloud of flame

Illustrated notes

Levels and vault maps discovered:
D:1:      scummos_arrival_simple_fountains, layout_basic,
          nicolae_ecumenical_snake_handling, chequers_avenue, corner_web_ring,
          chequers_mini_garden, chequers_hall_statues_y, st_stairs_10
D:2:      layout_loops_cross, basic_altar, amcnicky_mini_pool_small,
          chequers_decorated_corner, hangedman_decor_clover_reticule,
          lemuel_flame_loot_1
D:3:      minmay_goblin_kobold_castle, layout_loops_ring,
          mainiacjoe_overflow_24_doors, old_standard_altar, okawaru_gym_becter,
          minmay_stone_trees_medium

Skill      XL: |  1  2  3 |
---------------+----------+-----
Fighting       | 4 |  4.1
Maces & Flails | |  2.6
Armour         | |  3.7
Shields        | |  3.9

Action                   |  1- 3 |  4- 6 || total
-------------------------+-------+-------++-------
Melee: Flail             |   108 |    14 ||   122
Armor: Scale mail        |    48 |       ||    48
       Chain mail        |    48 |     5 ||    53
Dodge: Dodged            |    67 |     6 ||    73
Block: Buckler           |    27 |     8 ||    35
